 Dungeon Crawl Stone Soup version 0.19.1 (webtiles) character file.

57916 Kadarus the Cleaver (level 15, -1/98 HPs)
             Began as a Formicid Fighter on Dec 4, 2016.
             Was the Champion of Ru.
             Slain by Rupert
             ... wielding a +2 great sword of holy wrath
              (22 damage)
             ... on level 5 of the Lair of Beasts on Dec 6, 2016.
             The game lasted 01:54:19 (30707 turns).

Kadarus the Cleaver (Formicid Fighter)             Turns: 30707, Time: 01:54:19

Health: -1/98      AC: 18    Str: 22    XL:     15   Next: 28%
Magic:  14/22      EV:  9    Int:  7    God:    Ru [******]
Gold:   1374       SH:  0    Dex: 12    Spells: 0 memorised, 14 levels left

rFire  . . .     SeeInvis +     C - +3 executioner's axe (flame)
rCold  . . .     Gourm    .     y - +1 plate armour
rNeg   + . .     Faith    .     (shield unavailable)
rPois  +         Spirit   .     (helmet unavailable)
rElec  .         Reflect  .     p - +2 ratskin cloak {rPois rN+ Int-1 Dex-1}
rCorr  +         Harm     .     (no gloves)
MR     +....                    A - +2 pair of boots {Fly}
Stlth  ..........               (no amulet)
                                r - ring of resist corrosion
                                (ring unavailable)

@: exhausted, horrified, flying, heavily drained
A: permanent stasis, dig shafts and tunnels, four strong arms, antennae 3, dopey
1, missing a hand, no stealth, cowardly, no fire magic, no translocations magic,
no transmutations magic, reduced AC 1
a: Dig, Shaft Self, Draw Out Power, Power Leap, Apocalypse, Renounce Religion,
Stop Flying


You were on level 5 of the Lair of Beasts.
You worshipped Ru.
Ru was exalted by your worship.
You were not hungry.

You visited 3 branches of the dungeon, and saw 18 of its levels.
You also visited: Ossuary and Ice Cave.

You collected 1429 gold pieces.
You spent 55 gold pieces at shops.

Inventory:

Hand Weapons
 C - a +3 executioner's axe of flaming (weapon)
Armour
 p - the +2 ratskin cloak (worn) {rPois rN+ Int-1 Dex-1}
   (You found it on level 1 of the Lair of Beasts)

   It affects your intelligence (-1).
   It affects your dexterity (-1).
   It protects you from poison.
   It protects you from negative energy.
 y - a +1 plate armour (worn)
 A - a +2 pair of boots of flying (worn)
Jewellery
 e - an uncursed ring of ice
 r - a ring of resist corrosion (right hand)
Wands
 o - a wand of slowing (21/48)
 s - a wand of acid (0/15)
 x - a wand of lightning (3/15)
Scrolls
 h - a scroll of magic mapping
 m - 3 scrolls of immolation
 q - a scroll of fog
 B - 3 scrolls of remove curse
Potions
 a - a potion of might
 b - a potion of invisibility
 g - a potion of resistance
 j - a potion of magic
 k - 4 potions of lignification
 t - a potion of ambrosia
 u - 2 potions of cancellation
 w - a potion of mutation
Comestibles
 c - 4 chunks of flesh
 d - 3 meat rations
 f - 12 bread rations
 l - 10 fruits


   Skills:
 - Level 3.2(0.9) Fighting
 + Level 14.1(12.6) Axes
   Level 12.7(11.9) Maces & Flails
 - Level 11.4(8.5) Armour
 - Level 7.8(5.1) Dodging
 + Level 9.9(7.1) Evocations


You had 14 spell levels left.
You didn't know any spells.

Dungeon Overview and Level Annotations

Branches:
Dungeon (11/15)            Temple (1/1) D:4            Lair (6/6) D:8
 Shoals (0/4) Lair:3       Spider (0/4) Lair:3        Slime (0/5) Lair:6
    Orc (0/2) D:10

Altars:
Ashenzari
Cheibriados
Dithmenos
Elyvilon
Fedhas
Gozag
Hepliaklqana
Kikubaaqudgha
Makhleb
Nemelex Xobeh
Okawaru
Qazlal
Ru
Sif Muna
Trog
Uskayaw
Vehumet
Xom
Yredelemnul
Zin
The Shining One

Shops:
D:6 !   D:8 (

Portals:
Hell: Lair:6

Annotations:
D:2 exclusion: oklob plant
Lair:5 Rupert


Innate Abilities, Weirdness & Mutations

You are under a permanent stasis effect.
You can dig through walls and to a lower floor.
Your four strong arms can wield two-handed weapons with a shield.
You have a pair of large antennae on your head. (SInv)
You are dopey. (Int -2)
You are missing a hand.
You cannot be stealthy.
Your cowardice makes you less effective in combat with threatening monsters.
You cannot study or cast Fire magic.
You cannot study or cast Translocations magic.
You cannot study or cast Transmutations magic.
You take slightly more damage. (AC -3)


Message History

Okay, then.
Okay, then.
Press: ? - help, v - describe, . - travel
Here: Rupert, wielding a great sword of holy wrath and wearing a runed leather armour (lightly wounded, berserk, fast, unusually strong)
The floor, spattered with blood.
Unknown command.
Evoke which item? (* to show all) (? for menu, Esc to quit)
Okay, then.
Okay, then.
Unknown command.
Okay, then.
You reveal the great annihilating truth to your foes!
You feel drained.
You hear a screech!
Rupert hits you with a great sword of holy wrath!
* * * LOW HITPOINT WARNING * * *
Your plate armour prevents you from hitting Rupert.
Rupert is severely wounded.
Rupert hits you with a great sword of holy wrath!!
You die...

....##.........###...≈≈≈≈≈.......
.........P##...# #....≈≈≈≈.......
.....#...####### #.....≈....#....
###........#######.....##...##...
#P.#.......#.##.#.......#..P#....
.................................
.................................
...............@.................
................@................
#...##..##.###...##..............
#.####....####...#.......#.#..P..
#.####..####..#........#....##...
>.......# #.....##...#........#..
....#...###.....#............#...
...P##...##..........##..........
P...#.....#.#..#P.....###...##...
.....#..#.#...####....##PP...#...


You could see Rupert (berserk).

Vanquished Creatures
  2 dire elephants (Lair:6)
  The ghost of Philosophy the Impaler, a journeyman MfGl of Okawaru (D:11)
  7 hydras
  A catoblepas (Lair:4)
  Erica (D:11)
  The ghost of Azzok the Jinx, a journeyman SpEn of Dithmenos (Lair:3)
  4 death yaks
  A sun demon (Lair:6)
  A sixfirhy (Lair:6)
  A wizard (Lair:6)
  5 hill giants
  11 elephants
  6 black mambas
  Psyche (D:8)
  3 orange demons (Lair:6)
  12 spiny frogs
  2 rime drakes
  9 komodo dragons
  4 ice devils (Lair:6)
  A hellwing (Lair:6)
  3 trolls
  A polar bear (Lair:3)
  A slime creature (Lair:6)
  29 blink frogs
  A snapping turtle (Lair:3)
  5 dream sheep
  6 hippogriffs
  A tarantella (Lair:3)
  A spriggan (Lair:5)
  2 wyverns
  28 yaks
  Sigmund (D:3)
  A human (D:7)
  3 hogs (D:7)
  2 hungry ghosts
  5 basilisks
  A warg (D:10)
  15 water moccasins
  2 hell hounds (Lair:6)
  8 porcupines
  3 orc warriors
  9 ice beasts
  A necrophage (D:7)
  3 black bears
  An eye of draining (D:11)
  5 ogres
  7 wolves
  A sky beast (D:11)
  5 centaurs
  2 phantoms
  15 crocodiles
  4 big kobolds
  3 elf zombies (Ossuary)
  20 bullfrogs
  A water moccasin zombie (D:7)
  5 scorpions
  10 killer bees
  3 howler monkeys
  6 electric eels
  5 crimson imps
  6 centaur zombies
  A quasit (D:6)
  8 orc wizards
  5 hounds
  4 jellies
  A human zombie (Ossuary)
  3 orc priests
  3 bullfrog skeletons
  Jessica (D:3)
  4 iguanas
  Natasha (D:4)
  14 hell rats
  12 worker ants
  A statue (D:9)
  A big kobold zombie (Ossuary)
  3 hound skeletons
  2 mummies (Ossuary)
  2 howler monkey zombies
  A worker ant zombie (D:8)
  6 gnolls
  8 adders
  25 river rats
  3 shadow imps
  3 oozes
  3 adder zombies
  A worm (D:4)
  2 dart slugs
  7 leopard geckos
  42 orcs
  5 bats
  6 giant cockroaches
  5 goblins
  7 hobgoblins
  8 jackals
  19 kobolds
  4 quokkas
  3 ball pythons
  A frilled lizard (D:1)
  3 goblin zombies (Ossuary)
  9 hobgoblin zombies (Ossuary)
  A jackal zombie (Ossuary)
  8 kobold zombies (Ossuary)
  A leopard gecko skeleton (D:4)
  7 orc zombies (Ossuary)
  2 quokka skeletons
  35 rats
  5 fungi
  9 plants
610 creatures vanquished.

Vanquished Creatures (collateral kills)
  A crimson imp (D:11)
  An iguana (D:11)
  A worker ant (D:11)
3 creatures vanquished.

Vanquished Creatures (others)
  A death yak (Lair:4)
  A black mamba (Lair:6)
  A spiny frog (Lair:1)
  2 komodo dragons
  A blink frog (Lair:5)
  A hippogriff (Lair:2)
  A wolf (Lair:4)
  4 killer bees
  An orc wizard (D:8)
  A river rat (D:8)
  5 orcs (D:8)
  2 kobolds
  A bush (Lair:6)
  18 fungi
  28 plants
68 creatures vanquished.

Grand Total: 681 creatures vanquished

Notes
Turn   | Place    | Note
-------+----------+-------------------------------------------
     0 | D:1      | Kadarus the Formicid Fighter began the quest for the Orb.
     0 | D:1      | Reached XP level 1. HP: 18/18 MP: 1/1
   232 | D:1      | Reached XP level 2. HP: 24/24 MP: 2/2
   791 | D:1      | Reached XP level 3. HP: 29/29 MP: 3/3
  1282 | D:2      | Found a blossoming altar of Fedhas.
  1302 | D:2      | Noticed an oklob plant
  2116 | D:3      | Noticed Sigmund
  2126 | D:3      | Reached XP level 4. HP: 35/35 MP: 4/4
  2140 | D:3      | Killed Sigmund
  2140 | D:3      | Reached skill level 5 in Shields
  2140 | D:3      | Reached XP level 5. HP: 41/41 MP: 5/5
  2140 | D:3      | Reached XP level 6. HP: 47/47 MP: 6/6
  2195 | D:3      | Noticed Jessica
  2198 | D:3      | Killed Jessica
  2635 | D:4      | Found a staircase to the Ecumenical Temple.
  2649 | D:4      | Found a shattered altar of Ashenzari.
  2651 | Temple   | Entered the Ecumenical Temple
  2669 | Temple   | Became a worshipper of Ru the Awakened
  2977 | D:4      | Found an ancient bone altar of Kikubaaqudgha.
  3004 | D:4      | Found a white marble altar of Elyvilon.
  3151 | D:4      | Noticed Natasha
  3162 | D:4      | Killed Natasha
  3288 | D:4      | Found an opulent altar of Gozag.
  3341 | D:4      | Reached skill level 5 in Maces & Flails
  3341 | D:4      | Reached XP level 7. HP: 51/52 MP: 7/7
  3491 | D:5      | Entered Level 5 of the Dungeon
  3503 | D:5      | Found a basalt altar of Yredelemnul.
  3546 | D:5      | Found a sand-covered staircase.
  3550 | Ossuary  | Entered an ossuary
  3746 | Ossuary  | Reached XP level 8. HP: 37/58 MP: 8/8
  4007 | D:5      | Gained mutation: Your cowardice makes you less effective in combat with threatening monsters. [Ru sacrifice]
  4007 | D:5      | Reached * piety under Ru
  5538 | D:6      | Found a deep blue altar of Sif Muna.
  5547 | D:6      | Reached XP level 9. HP: 64/64 MP: 9/9
  5825 | D:6      | Found Eriuhiss's Distillery.
  5835 | D:6      | Bought a potion of heal wounds for 55 gold pieces
  5875 | D:6      | Found a bloodstained altar of Trog.
  5964 | D:6      | Found a burning altar of Makhleb.
  6680 | D:7      | Found a shadowy altar of Dithmenos.
  6734 | D:7      | Found a shimmering altar of Xom.
  6791 | D:7      | Reached skill level 10 in Maces & Flails
  6932 | D:7      | Found an iron altar of Okawaru.
  7038 | D:7      | Gained mutation: You are missing a hand. [Ru sacrifice]
  7038 | D:7      | Reached ** piety under Ru
  7038 | D:7      | Reached *** piety under Ru
  7038 | D:7      | Reached **** piety under Ru
  7080 | D:7      | Reached XP level 10. HP: 62/70 MP: 10/10
  7108 | D:7      | Found a hide-covered altar of Uskayaw.
  7298 | D:8      | Noticed Psyche
  7359 | D:8      | Reached skill level 1 in Dodging
  7403 | D:8      | Killed Psyche
  7655 | D:8      | HP: 2/70 [orc wizard/wand of lightning (8)]
  9339 | D:8      | Found Vecacwif's Antique Weapon Boutique.
  9540 | D:8      | Found a staircase to the Lair.
  9668 | D:9      | Found a burning altar of Makhleb.
  9670 | D:9      | Noticed a cacodemon
  9973 | D:9      | Reached skill level 5 in Dodging
  9984 | D:9      | Reached XP level 11. HP: 43/75 MP: 11/11
 10157 | D:9      | Found a glowing silver altar of Zin.
 10282 | D:9      | Identified 2 scrolls of acquirement
 10412 | D:9      | Reached skill level 1 in Axes
 10638 | D:9      | Found a radiant altar of Vehumet.
 10649 | D:9      | Gained mutation: You cannot be stealthy. [Ru sacrifice]
 10859 | Lair:1   | Entered Level 1 of the Lair of Beasts
 10978 | Lair:1   | Reached skill level 2 in Axes
 10984 | Lair:1   | Reached skill level 3 in Axes
 11432 | Lair:1   | Reached skill level 4 in Axes
 12958 | Lair:1   | Reached skill level 5 in Axes
 13114 | Lair:1   | Noticed an eight-headed hydra
 13346 | Lair:1   | Reached skill level 1 in Evocations
 13924 | D:10     | Entered Level 10 of the Dungeon
 13934 | D:10     | Reached skill level 6 in Axes
 14364 | D:10     | Reached XP level 12. HP: 18/81 MP: 13/13
 15128 | D:10     | Found a staircase to the Orcish Mines.
 15486 | D:10     | Reached skill level 7 in Axes
 16181 | D:11     | Noticed Erica
 16203 | D:11     | Killed Erica
 16203 | D:11     | Reached skill level 5 in Evocations
 16538 | D:11     | Found a frozen archway.
 16585 | D:11     | Reached skill level 8 in Axes
 16643 | D:11     | Noticed Philosophy's ghost (journeyman MfGl)
 16645 | IceCv    | Entered an ice cave
 16684 | D:11     | Killed Philosophy's ghost
 17177 | D:11     | Gained mutation: You are dopey. (Int -2) [Ru sacrifice]
 17177 | D:11     | Reached ***** piety under Ru
 17923 | D:11     | Reached skill level 9 in Axes
 18276 | Lair:1   | Killed an eight-headed hydra
 18276 | Lair:1   | Reached XP level 13. HP: 43/86 MP: 9/18
 18537 | Lair:1   | Noticed an eight-headed hydra
 18546 | Lair:1   | Killed an eight-headed hydra
 19304 | Lair:2   | Reached skill level 10 in Axes
 19304 | Lair:2   | Reached skill level 5 in Armour
 20250 | Lair:3   | Noticed Azzok's ghost (journeyman SpEn)
 20290 | Lair:3   | Killed Azzok's ghost
 20888 | Lair:3   | Gained mutation: You take slightly more damage. (AC -3) [Ru sacrifice]
 21283 | Lair:3   | Found a staircase to the Shoals.
 21290 | Lair:3   | Reached skill level 11 in Axes
 21591 | Lair:3   | Found a hole to the Spider Nest.
 22034 | Lair:4   | Noticed a catoblepas
 22046 | Lair:4   | Killed a catoblepas
 23449 | Lair:4   | Noticed a seven-headed hydra
 23460 | Lair:4   | Killed a three-headed hydra
 23460 | Lair:4   | Reached XP level 14. HP: 28/93 MP: 20/20
 24476 | Lair:5   | Reached skill level 12 in Axes
 24666 | Lair:5   | Gained mutation: You cannot study or cast Fire magic. [Ru sacrifice]
 24666 | Lair:5   | Gained mutation: You cannot study or cast Transmutations magic. [Ru sacrifice]
 24666 | Lair:5   | Gained mutation: You cannot study or cast Translocations magic. [Ru sacrifice]
 24666 | Lair:5   | Reached ****** piety under Ru
 25213 | Lair:5   | Reached skill level 10 in Armour
 27021 | Lair:6   | Entered Level 6 of the Lair of Beasts
 27509 | Lair:6   | Found a staircase to the Slime Pits.
 27780 | Lair:6   | Reached skill level 13 in Axes
 28031 | Lair:6   | Noticed Rupert
 28328 | Lair:6   | Noticed a dire elephant
 28340 | Lair:6   | Killed a dire elephant
 29039 | Lair:6   | Reached XP level 15. HP: 73/98 MP: 21/21
 29302 | Lair:6   | Found a burning altar of Makhleb.
 29314 | Lair:6   | Found a gateway to Hell.
 30244 | Lair:6   | Reached skill level 14 in Axes
 30707 | Lair:5   | Slain by Rupert

Skill      XL: |  1  2  3  4  5  6  7  8  9 10 11 12 13 14 15 |
---------------+----------------------------------------------+-----
Shields        | 4 5 6 7 9 0 |  0.0
Maces & Flails | 3 4 5 6 8 11 12 | 12.7
Dodging        | 5 7 |  7.8
Axes           | 6 9 11 13 14 | 14.1
Evocations     | 2 7 8 9 |  9.9
Armour         | 9 11 | 11.4
Fighting       | |  3.2

Action                   |  1- 3 |  4- 6 |  7- 9 | 10-12 | 13-15 || total
-------------------------+-------+-------+-------+-------+-------++-------
Melee: Flail             |   154 |    97 |   680 |   220 |       ||  1151
       Morningstar       |       |       |       |  1062 |   127 ||  1189
       Executioner's axe |       |       |       |       |   786 ||   786
 Fire: Blowgun           |       |       |       |     2 |       ||     2
Invok: Sacrifice Courage |       |       |     1 |       |       ||     1
       Sacrifice a Hand  |       |       |     1 |       |       ||     1
       Draw Out Power    |       |       |       |    16 |    11 ||    27
       Power Leap        |       |       |       |     2 |     2 ||     4
       Sacrifice Stealth |       |       |       |     1 |       ||     1
       Apocalypse        |       |       |       |     1 |     6 ||     7
       Sacrifice Purity  |       |       |       |     1 |       ||     1
       Sacrifice Health  |       |       |       |       |     1 ||     1
       Sacrifice Arcana  |       |       |       |       |     1 ||     1
 Abil: Dig               |       |       |     9 |    28 |     3 ||    40
Evoke: Wand              |       |       |       |    11 |    21 ||    32
  Use: Scroll            |     6 |     3 |     8 |    13 |     9 ||    39
       Potion            |     1 |       |     6 |    15 |     4 ||    26
 Stab: Distracted        |       |       |     1 |     4 |     5 ||    10
       Invisible         |       |       |       |    25 |    12 ||    37
       Paralysed         |       |       |       |     2 |    18 ||    20
  Eat: Chunk             |     3 |     1 |     8 |    15 |    21 ||    48
       Beef jerky        |     1 |       |     1 |     3 |     2 ||     7
       Royal jelly       |       |     1 |       |       |       ||     1
       Meat ration       |       |       |     1 |     3 |     1 ||     5
       Pizza             |       |       |       |     6 |     6 ||    12
       Fruit             |       |       |       |     7 |       ||     7
       Bread ration      |       |       |       |       |     1 ||     1
Armor: Scale mail        |    41 |       |       |       |       ||    41
       Chain mail        |    12 |    32 |   200 |   208 |       ||   452
       Skin              |       |       |       |    33 |       ||    33
       Plate armour      |       |       |       |   270 |   603 ||   873
Dodge: Dodged            |    48 |    26 |   157 |   488 |   460 ||  1179
Block: Shield            |    52 |    58 |   337 |       |       ||   447
